AoeStats
← zipfiklatscher

Arabian Desert

509895484Analyzed
1v1 RM · 5d ago on Sep 28, 2026· 67m 59s· 2 players
Game mode
Random Map
Map size
Tiny (2 player)
Population
200
Speed
Normal
Resources
Standard
Victory
Conquest
Starting age
Dark Age
Ending age
Imperial Age
RankedLock teamsTeams togetherTeam positionsShared explorationLock speedFull tech treeHidden civsTurbo modeCheats
Victory
Defeat
🇦🇹 Persians · Austria
764
+15
🇪🇸 Bohemians · Spain
751
-15
MAGX
10:31 Feudal Age
12:31 Loom
15:39 Wheelbarrow
17:05 Double-Bit Axe
19:29 Horse Collar
23:57 Castle Age
25:02 Hand Cart
25:05 Squires
24:26 Pikeman
25:52 Heavy Plow
26:23 Bow Saw
30:25 Padded Archer Armor
30:29 Scale Mail Armor
34:24 Chain Mail Armor
35:12 Ballistics
35:53 Chemistry
35:25 Forging
41:09 Imperial Age
38:54 Husbandry
39:30 Masonry
42:35 Architecture
44:17 Houfnice
48:24 Fletching
48:34 Padded Archer Armor
49:05 Halberdier
53:12 Cavalier
56:03 Plate Mail Armor
65:33 Scale Barding Armor
65:24 Bodkin Arrow
zipfiklatscher
7:28 Loom
10:06 Feudal Age
12:22 Double-Bit Axe
17:07 Horse Collar
22:15 Castle Age
20:47 Padded Archer Armor
20:52 Gold Mining
22:06 Fletching
22:28 Elite Skirmisher
26:41 Bow Saw
29:04 Gold Shaft Mining
28:35 Heavy Plow
31:15 Wheelbarrow
31:55 Stone Mining
32:02 Town Watch
33:49 Stone Shaft Mining
34:04 Hand Cart
33:52 Town Patrol
35:17 Bloodlines
35:07 Husbandry
38:49 Imperial Age
39:00 Cavalier
41:21 Ballistics
42:03 Chemistry
42:58 Savar
45:30 Scale Barding Armor
45:36 Forging
45:27 Scale Mail Armor
50:06 Iron Casting
49:48 Chain Mail Armor
52:42 Light Cavalry
58:15 Hussar
59:35 Bodkin Arrow
60:12 Plate Mail Armor
61:12 Leather Archer Armor
61:59 Blast Furnace
62:41 Chain Barding Armor
65:34 Two-Man Saw
65:06 Crop Rotation
69:05 Plate Barding Armor
69:01 Ring Archer Armor
Connection lost

Rejoining the realm…

Still unreachable

The connection could not be restored.

Session expired

The server has moved on; the page needs a fresh start.